 Dungeon Crawl Stone Soup version 0.28-a0-1404-g4df0f3684d (webtiles) character file.

Game seed: 10256917004373748075

87 HallandMoats the Covered (level 4, -4/35 HPs)
             Began as a Djinni Fighter on Jan 5, 2022.
             Was a Believer of Lugonu.
             Slain by a gnoll (5 damage)
             ... on level 2 of the Dungeon.
             The game lasted 00:02:21 (2330 turns).

HallandMoats the Covered (Djinni Fighter)           Turns: 2330, Time: 00:02:22

Health: -4/35      AC:  6    Str: 15    XL:     4   Next: 80%
Gold:   94         EV:  9    Int: 10    God:    Lugonu [**....] SH:  5 Dex: 14

rFire   + + .      SeeInvis .     - Unarmed
rCold   x . .      Faith    .   b - +0 buckler
rNeg    . . .      Spirit   .   a - +0 scale mail
rPois   ∞          Reflect  .   (no helmet)
rElec   .          Harm     .   (no cloak)
rCorr   .          Rampage  .   (no gloves)
Will    .....                   (boots unavailable)
Stlth   ..........              (no amulet)
HPRegen 0.11/turn               (no ring)
MPRegen 0.00/turn               (no ring)

@: flying
A: sickness immunity, fire resistance 2, cold vulnerability 1, float, innate
caster, hp casting, extra vitality 1
a: Renounce Religion, Depart the Abyss, Bend Space


You were on level 2 of the Dungeon.
You worshipped Lugonu.
Lugonu was pleased with you.
You visited 1 branch of the dungeon, and saw 2 of its levels.

You collected 94 gold pieces.

Inventory:

Armour
 a - a +0 scale mail (worn)
 b - a +0 buckler (worn)
Jewellery
 j - a ring of protection from cold
Scrolls
 f - 2 scrolls of amnesia {unknown}
 g - a scroll of enchant armour {unknown}
 i - 2 scrolls of identify {unknown}
 k - 2 scrolls of vulnerability {unknown}
Potions
 c - a potion of might
 d - a potion of brilliance {unknown}
 e - a potion of mutation {unknown}
 h - a potion of curing {unknown}


   Skills:
 * Level 3.5 Fighting
 * Level 3.5 Armour
 + Level 1.0 Dodging
 * Level 3.3 Shields
 * Level 2.7 Unarmed Combat
 + Level 1.0 Invocations


You had 2 spell levels left.
You knew the following spells:

 Your Spells              Type           Power      Damage    Failure   Level
a - Foxfire               Conj/Fire      0%         2x1d4     88%         1
Your spell library was empty.

Dungeon Overview and Level Annotations

Branches:
Dungeon (2/15)

Altars:
Lugonu

Annotations:
D:2 1 runed translucent door, Crazy Yiuf


Innate Abilities, Weirdness & Mutations

You are immune to sickness and miasma.
You are immune to poison.
Your flesh is very heat resistant. (rF++)
You are vulnerable to cold. (rC-)
You float through the air rather than walking.
You learn spells naturally, not from books.
Your magical power is your life essence.
You have superior vitality. (+4 MHP)


Message History

You are too injured to fight recklessly!
You are too injured to fight recklessly!
You are too injured to fight recklessly!
You are too injured to fight recklessly!
You are too injured to fight recklessly!
You are too injured to fight recklessly!
You hit the hobgoblin.
The hobgoblin is almost dead.
The gnoll closely misses you. You block the hobgoblin's attack.
You hit the hobgoblin.
You kill the hobgoblin!
Lugonu accepts your kill. The gnoll barely misses you.
The gnoll hits you with a +0 halberd.
You hit the gnoll.
The gnoll is moderately wounded.
The gnoll hits you but does no damage.
You closely miss the gnoll.
The gnoll is moderately wounded.
The gnoll hits you with a +0 halberd!
* * * LOW HITPOINT WARNING * * *
You hit the gnoll but do no damage.
The gnoll is moderately wounded.
The gnoll barely misses you.
You barely miss the gnoll.
The gnoll is moderately wounded.
The gnoll closely misses you. The gnoll hits you but does no damage.
You hit the gnoll.
The gnoll is almost dead.
You hit the gnoll.
You kill the gnoll!
Lugonu accepts your kill.
Your Invocations skill increases to level 1!
You hit the gnoll.
The gnoll is lightly wounded.
The gnoll barely misses you.
You barely miss the gnoll.
The gnoll is lightly wounded.
The gnoll hits you with a +0 flail.
You die...

#≈...###.#.≈§≈_≈≈§.#
#≈...#...#..§§#....#
#≈...#...#....#....#.#
#≈...#...#..≈≈#≈§..#.#
#####'...#....#....#.#
##.....#####'#####.#
#..................#
#.####.########...).(...#
#.)........@gg..........#
###########.#######..####....#
..........#.......#..#
#....####
#########.###.....#..#
##.#...... #.# #..)..#..#
#.g...#### #.#
#.....#..#####..##
#.###.....#.........#
#.........#...#.....!.#
#.............#.......#


You could see 2 gnolls.

Vanquished Creatures
  3 adders
  A gnoll (D:2)
  2 dart slugs (D:1)
  2 bats (D:1)
  5 endoplasms
  4 giant cockroaches
  7 goblins
  6 hobgoblins
  5 jackals (D:1)
  3 kobolds
  A quokka (D:1)
  A ball python (D:1)
  2 rats
42 creatures vanquished.

Notes
Turn   | Place    | Note
-------+----------+-------------------------------------------
     0 | D:1      | HallandMoats the Djinni Fighter began the quest for the
                  | Orb.
     0 | D:1      | Reached XP level 1. HP: 20/20 MP: 0/0
   470 | D:1      | Reached XP level 2. HP: 21/25 MP: 0/0
  1045 | D:1      | Reached XP level 3. HP: 18/30 MP: 0/0
  1045 | D:1      | Learned a level 1 spell: Foxfire
  1612 | D:1      | Reached XP level 4. HP: 22/35 MP: 0/0
  2074 | D:2      | Found a runed translucent door.
  2075 | D:2      | Noticed Crazy Yiuf
  2233 | D:2      | Found a faded altar of an unknown god.
  2254 | D:2      | Prayed at the altar of an unknown god.
  2254 | D:2      | Became a worshipper of Lugonu the Unformed
  2254 | D:2      | Reached * piety under Lugonu
  2254 | D:2      | Reached ** piety under Lugonu
  2263 | D:2      | Reached skill level 1 in Dodging
  2324 | D:2      | HP: 1/35 [gnoll (13)]
  2329 | D:2      | Reached skill level 1 in Invocations
  2330 | D:2      | Slain by a gnoll

Illustrated notes

Levels and vault maps discovered:
D:1:      minmay_arrival_cross, layout_rooms, minmay_tromino_mix6
D:2:      layout_basic, shapermc_ecumenical_altar_notcrosses, hex_intersection,
          chequers_serial_rivers_room_a, uniq_crazy_yiuf_cottage

Skill      XL: |  1  2  3  4 |
---------------+-------------+-----
Dodging        | 1 |  1.0
Invocations    | 1 |  1.0
Fighting       | |  3.5
Armour         | |  3.5
Shields        | |  3.3
Unarmed Combat | |  2.7

Action                   |  1- 3 |  4- 6 || total
-------------------------+-------+-------++-------
Melee: Unarmed           |   173 |    52 ||   225
Armor: Scale mail        |    82 |    21 ||   103
Dodge: Dodged            |    95 |    24 ||   119
Block: Buckler           |    44 |    11 ||    55

Table legend: (Time is in decaauts)
 A = Elapsed time spent in this place.
 B = Non-inter-level travel time spent in this place.
 C = Inter-level travel time spent in this place.
 D = Time resting spent in this place.
 E = Time spent auto-exploring this place.
 F = Levels seen in this place.
 G = Mean time per level.
                   A        B        C        D        E       F      G
               +--------+--------+--------+--------+--------+-----+--------+
         Total |   2333 |   2328 |      5 |    916 |    950 |   2 | 1166.5 |
       Dungeon |   2333 |   2328 |      5 |    916 |    950 |   2 | 1166.5 |
               +--------+--------+--------+--------+--------+-----+--------+

Top non-repeatable levels by time:
     D:1: 1525 daAuts
     D:2: 807 daAuts
